 Dungeon Crawl Stone Soup version 0.29-a0-341-g24ffce5b50 (webtiles) character file.

Game seed: 15595278002459268095

914 spaghetti the Grave Robber (level 7, -1/55 HPs)
             Began as a Deep Dwarf Necromancer on Apr 20, 2022.
             Was an Initiate of Ru.
             Slain by Edmund
             ... wielding a +2 vorpal flail
              (2 damage)
             ... on level 5 of the Dungeon.
             The game lasted 00:11:07 (6273 turns).

spaghetti the Grave Robber (Deep Dwarf Necromancer) Turns: 6273, Time: 00:11:07

Health: -1/55      AC:  3    Str: 12    XL:     7   Next: 82%
Magic:  0/15       EV: 12    Int: 17    God:    Ru [......]
Gold:   295        SH:  0    Dex: 13    Spells: 4/17 levels left

rFire   . . .      SeeInvis .   B - +0 whip (elec) {mace}
rCold   . . .      Faith    +   (no shield)
rNeg    . . .      Spirit   .   a - +0 robe
rPois   .          Reflect  .   d - +0 helmet
rElec   .          Harm     .   (no cloak)
rCorr   .          Rampage  .   (no gloves)
Will    +....                   (no boots)
Stlth   ++........              z - amulet of faith {!P}
HPRegen 0.00/turn               C - ring of wizardry
MPRegen 0.14/turn               (no ring)

@: no status effects
A: damage resistance, heal wounds, sense surroundings 1, no regeneration
a: Heal Wounds, Renounce Religion


You were on level 5 of the Dungeon.
You worshipped Ru.
Ru was noncommittal.
You visited 2 branches of the dungeon, and saw 6 of its levels.

You collected 295 gold pieces.


Innate Abilities, Weirdness & Mutations

You are resistant to damage.
You can heal yourself by infusing magical energy.
You passively map a small area around you.
You do not regenerate.


   Skills:
 - Level 2.1 Dodging
 - Level 2.4 Stealth
 * Level 5.8 Spellcasting
 + Level 7.9 Necromancy


You had 4 spell levels left.
You knew the following spells:

 Your Spells              Type           Power      Damage    Failure   Level
a - Pain                  Necr           100%       1d9       1%          1
b - Vampiric Draining     Necr           31%        2d8       1%          3
c - Animate Dead          Necr           15%        N/A       1%          4
d - Agony                 Necr           31%        N/A       6%          5

Your spell library contained the following spells:

 Spells                   Type           Power      Damage    Failure   Level
 Animate Skeleton         Necr           62%        N/A       1%          1
 Corpse Rot               Necr/Air       36%        N/A       1%          2
 Dispel Undead            Necr           31%        3d14      1%          4
 Foxfire                  Conj/Fire      16%        2x1d4     5%          1
 Ensorcelled Hibernation  Hex/Ice        8%         N/A       9%          2
 Passwall                 Tmut/Erth      3%         N/A       9%          2
 Inner Flame              Hex/Fire       4%         N/A       16%         3
 Swiftness                Air            4%         N/A       16%         3
 Death Channel            Necr           15%        N/A       30%         6
 Fireball                 Conj/Fire      2%         3d4       78%         5

Inventory:

Hand Weapons
 b - a +0 whip {mace}
   (You took it off a kobold on level 1 of the Dungeon)
 e - a +0 dagger {short}
   (You took it off a goblin on level 1 of the Dungeon)
 f - a +0 club {mace}
   (You took it off a goblin on level 1 of the Dungeon)
 j - a +0 dagger {short}
   (You found it on level 1 of the Dungeon)
 k - a +0 long sword {long}
   (You found it on level 3 of the Dungeon)
 m - a +0 club {mace}
   (You took it off a goblin on level 1 of the Dungeon)
 n - a +0 dagger {short}
   (You took it off a goblin on level 1 of the Dungeon)
 q - a +0 long sword {long}
   (You found it on level 1 of the Dungeon)
 s - a +0 club {mace}
   (You took it off a goblin on level 1 of the Dungeon)
 t - a +2 dagger of protection {short}
   (You took it off an orc wizard on level 3 of the Dungeon)
 u - a +0 club {mace}
   (You found it on level 2 of the Dungeon)
 B - a +0 whip of electrocution (weapon) {mace}
   (You took it off a gnoll on level 4 of the Dungeon)
Missiles
 h - 3 javelins {throwing}
 i - 110 stones {throwing}
 A - 2 throwing nets {=f!fthrowing}
Armour
 a - a +0 robe (worn)
 d - a +0 helmet (worn)
   (You found it on level 2 of the Dungeon)
Jewellery
 z - an amulet of faith (around neck) {!P}
   (You found it on level 4 of the Dungeon)
 C - a ring of wizardry (left hand)
   (You found it on level 5 of the Dungeon)
Scrolls
 c - a scroll of silence {unknown}
 g - a scroll of noise {unknown}
 l - a scroll of fear {unknown}
 o - a scroll of immolation {unknown}
 p - a scroll of enchant weapon {unknown}
 r - 3 scrolls of enchant armour {unknown}
 w - a scroll of amnesia {unknown}
 x - 4 scrolls of identify {unknown}
 y - 2 scrolls of blinking {unknown}
 D - 3 scrolls of fog {unknown}
 E - a scroll of teleportation {unknown}
 F - a scroll of acquirement {unknown}
 G - a scroll of summoning {unknown}
Potions
 v - a potion of flight
 I - a potion of might

Dungeon Overview and Level Annotations

Branches:
Dungeon (5/15)             Temple (1/1) D:5

Altars:
Ashenzari
Cheibriados
Dithmenos
Fedhas
Gozag
Hepliaklqana
Kikubaaqudgha
Makhleb
Nemelex Xobeh
Okawaru
Ru
Trog
Uskayaw
Wu Jian
Xom
Yredelemnul
Zin
The Shining One

Annotations:
D:5 Edmund

.# #)....# #. .#.#.### ##
###.###.# #.# ......,
#.'.#>#.+ #.# #.#.##.##
##.#.#'#.# #.####........
#..#.....###......####### *
#####.####'####.....#.#
...##.##...####.....#.#
#######
..)...###...........#.#
#≈≈≈≈≈#
...#######.####.@...#.#
###≈#.#≈# ####
##.......#.@...#.# #.†.._.≈#
#
#........#######.###.#≈#.#≈#
# #..##.#..# #.....#≈≈≈≈≈# #
#..#..#..# ##.########## #
#..#.##..# #.####..#
#........## #.......#
#.........# ######.## #
##.##.#.##.# #########.#


You could see Edmund.


Message History

The sky beast barely misses you. 😨 HP[+3] MP[-3]
You regained 3 hp, and now have 27/55 hp.
You lost 3 mp, and now have 9/15 mp.
Casting: Vampiric Draining (safe; 1% risk of failure)
Confirm with . or Enter, or press ? or * to list all spells.
Aiming: Vampiric Draining (safe; 1% risk of failure)
Press: ? - help, Shift-Dir - straight line, f/p - sky beast
Aim: a sky beast (heavily wounded)
You draw life force from the sky beast!
You feel life coursing into your body.
The sky beast misses you. 😮 HP[+4] MP[-3]
You regained 4 hp, and now have 31/55 hp.
You lost 3 mp, and now have 6/15 mp.
Casting: Vampiric Draining (safe; 1% risk of failure)
Confirm with . or Enter, or press ? or * to list all spells.
Aiming: Vampiric Draining (safe; 1% risk of failure)
Press: ? - help, Shift-Dir - straight line, f/p - sky beast
Aim: a sky beast (severely wounded)
You draw life force from the sky beast!
You kill the sky beast!
You feel life coursing into your body. 😮 HP[+5] MP[-3]
You regained 5 hp, and now have 36/55 hp.
You lost 3 mp, and now have 3/15 mp.
Key pressed, stopping explore.
There is an open door here.
You see here a sky beast corpse.
There is an open door here.
You see here a sky beast corpse.
Key pressed, stopping explore.
Edmund the Younger comes into view.
He is wielding a +2 vorpal flail. 😮 MP[+12]
Your mp is fully restored (15).
Casting: Vampiric Draining (safe; 1% risk of failure)
Confirm with . or Enter, or press ? or * to list all spells.
Aiming: Vampiric Draining (safe; 1% risk of failure)
Press: ? - help, Shift-Dir - straight line, f - Edmund
Aim: Edmund, wielding a +2 vorpal flail and wearing a +0 scale mail (asleep) Edmund shouts!
You draw life force from Edmund.
You feel life coursing into your body.
Edmund hits you with a +2 vorpal flail! 😮 HP[-8] MP[-3]
You take 8 damage, and now have 28/55 hp.
You lost 3 mp, and now have 12/15 mp.
Casting: Vampiric Draining (safe; 1% risk of failure)
Confirm with . or Enter, or press ? or * to list all spells.
Aiming: Vampiric Draining (safe; 1% risk of failure)
Press: ? - help, Shift-Dir - straight line, f/p - Edmund
Aim: Edmund, wielding a +2 vorpal flail and wearing a +0 scale mail (lightly wounded)
You draw life force from Edmund.
You feel life coursing into your body. Edmund hits you with a +2 vorpal flail!
* * * LOW HITPOINT WARNING * * *
😨 HP[-10] MP[-3]
You take 10 damage, and now have 18/55 hp.
You lost 3 mp, and now have 9/15 mp.
Casting: Vampiric Draining (safe; 1% risk of failure)
Confirm with . or Enter, or press ? or * to list all spells.
Aiming: Vampiric Draining (safe; 1% risk of failure)
Press: ? - help, Shift-Dir - straight line, f/p - Edmund
Aim: Edmund, wielding a +2 vorpal flail and wearing a +0 scale mail (moderately wounded)
You draw life force from Edmund.
You feel life coursing into your body.
Edmund hits you with a +2 vorpal flail. 😨 HP[+1] MP[-3]
You lost 3 mp, and now have 6/15 mp.
Casting: Vampiric Draining (safe; 1% risk of failure)
Confirm with . or Enter, or press ? or * to list all spells.
Aiming: Vampiric Draining (safe; 1% risk of failure)
Press: ? - help, Shift-Dir - straight line, f/p - Edmund
Aim: Edmund, wielding a +2 vorpal flail and wearing a +0 scale mail (moderately wounded)
You draw life force from Edmund!
You feel life coursing into your body. Edmund hits you with a +2 vorpal flail.
* * * LOW HITPOINT WARNING * * *
😨 HP[+2] MP[-3]
You regained 2 hp, and now have 21/55 hp.
You lost 3 mp, and now have 3/15 mp.
Casting: Vampiric Draining (safe; 1% risk of failure)
Confirm with . or Enter, or press ? or * to list all spells.
Aiming: Vampiric Draining (safe; 1% risk of failure)
Press: ? - help, Shift-Dir - straight line, f/p - Edmund
Aim: Edmund, wielding a +2 vorpal flail and wearing a +0 scale mail (heavily wounded)
You draw life force from Edmund.
You feel life coursing into your body. Edmund hits you with a +2 vorpal flail!
* * * LOW HITPOINT WARNING * * *
x2 😱 HP[-11] MP[-3]
You take 11 damage, and now have 10/55 hp.
You lost 3 mp, and now have 0/15 mp.
You aren't carrying any items that you can evoke.
Okay, then.
Okay, then.
Press: ? - help, v - describe, . - travel
Here: Edmund, wielding a +2 vorpal flail and wearing a +0 scale mail (severely wounded)
The floor.
Okay, then.
Unknown command.
You aren't carrying any items that you can evoke.
Unknown command.
You closely miss Edmund. Edmund hits you with a +2 vorpal flail!
* * * LOW HITPOINT WARNING * * *
You die...

Skill      XL: |  1  2  3  4  5  6  7 |
---------------+----------------------+-----
Necromancy     | 5 6 7 |  7.9
Spellcasting   | 2 3 4 5 |  5.8
Dodging        | |  2.1
Stealth        | |  2.4

Action                   |  1- 3 |  4- 6 |  7- 9 || total
-------------------------+-------+-------+-------++-------
Melee: Unarmed           |    27 |       |       ||    27
       Whip              |     5 |    53 |    35 ||    93
       Dagger            |       |    31 |       ||    31
 Cast: Pain              |    46 |    54 |       ||   100
       Vampiric Draining |    12 |    35 |    13 ||    60
 Abil: Heal Wounds       |       |     1 |       ||     1
Evoke: Wand              |     2 |     1 |       ||     3
  Use: Potion            |     5 |     5 |     2 ||    12
 Stab: Sleeping          |     1 |       |       ||     1
Armor: Robe              |     4 |    22 |    11 ||    37
Dodge: Dodged            |    39 |    58 |    39 ||   136

Levels and vault maps discovered:
D:1:      giann_wishing_wells, layout_loops_corners,
          shapermc_ecumenical_altar_gd, st_stairs_14
D:2:      layout_loops_cross
D:3:      minmay_razor_zed, layout_loops_cross, wad_floor_pattern_untrapped,
          uniq_natasha
D:4:      layout_loops_ring
D:5:      layout_loops_cross, kennysheep_little_box,
          mainiacjoe_overflow_six_doors_small, minmay_temple_entry_glassed_door,
          nrook_mini_vaults, uniq_menkaure, uniq_edmund
Temple:   nicolae_temple_x_marks_the_god

Notes
Turn   | Place    | Note
-------+----------+-------------------------------------------
     0 | D:1      | spaghetti the Deep Dwarf Necromancer began the quest for
                  | the Orb.
     0 | D:1      | Reached XP level 1. HP: 15/15 MP: 3/3
     0 | D:1      | magus.rc [v1.9.6]
   227 | D:1      | You pick up a book of Decay and begin reading...
   227 | D:1      | You add the spells Corpse Rot, Dispel Undead and Death
                  | Channel to your library.
   402 | D:1      | Reached XP level 2. HP: 22/22 MP: 0/4
   417 | D:1      | Reached skill level 5 in Necromancy
   827 | D:1      | Found a faded altar of an unknown god.
  1354 | D:2      | HP: 5/22 [goblin/+0 club (3)]
  1555 | D:2      | Reached XP level 3. HP: 6/28 MP: 0/5
  1567 | D:2      | Learned a level 3 spell: Vampiric Draining
  1665 | D:2      | You add the spells Foxfire, Inner Flame and Fireball to
                  | your library.
  1665 | D:2      | Got the Handbook of Dark Secrets and Fire
  1697 | D:2      | HP: 6/28 [acid (5)]
  2051 | D:2      | Reached skill level 6 in Necromancy
  2204 | D:2      | Reached skill level 2 in Spellcasting
  2204 | D:2      | Reached XP level 4. HP: 21/36 MP: 1/7
  2220 | D:2      | HP: 9/36 [gnoll/+0 whip (4)]
  2980 | D:3      | You pick up a book of Burglary and begin reading...
  2980 | D:3      | You add the spells Passwall, Ensorcelled Hibernation and
                  | Swiftness to your library.
  3032 | D:3      | Noticed Natasha
  3043 | D:3      | Killed Natasha
  3396 | D:3      | Reached XP level 5. HP: 28/42 MP: 5/9
  3681 | D:3      | Reached skill level 3 in Spellcasting
  3850 | D:3      | HP: 10/42 [something/magic dart (4)]
  3853 | D:4      | HP: 4/42 [something/magic dart (6)]
  4450 | D:4      | Reached XP level 6. HP: 46/49 MP: 3/11
  4721 | D:4      | Learned a level 4 spell: Animate Dead
  4763 | D:4      | Reached skill level 4 in Spellcasting
  4857 | D:4      | Reached skill level 7 in Necromancy
  5298 | D:4      | Learned a level 5 spell: Agony
  5334 | D:5      | Entered Level 5 of the Dungeon
  5346 | D:5      | Reached XP level 7. HP: 53/55 MP: 8/14
  5442 | D:5      | Noticed Menkaure
  5450 | D:5      | Killed Menkaure
  5451 | D:5      | Reached skill level 5 in Spellcasting
  5837 | D:5      | Found a staircase to the Ecumenical Temple.
  5849 | D:5      | HP: 13/55 [ufetubus (2)]
  5959 | Temple   | Entered the Ecumenical Temple
  6026 | Temple   | Became a worshipper of Ru the Awakened
  6096 | D:5      | Found an iron altar of Okawaru.
  6156 | D:5      | Found an ornate altar of the Wu Jian Council.
  6262 | D:5      | Noticed Edmund
  6272 | D:5      | HP: 13/55 [Edmund/+2 vorpal flail (11)]
  6273 | D:5      | HP: 1/55 [Edmund/+2 vorpal flail (9)]
  6273 | D:5      | Slain by Edmund

Vanquished Creatures
  Menkaure (D:5)
  A sky beast (D:5)
  A black bear (D:5)
  A phantom (D:5)
  A scorpion (D:4)
  A hound (D:5)
  A gnoll shaman (D:4)
  2 iguanas (D:4)
  Natasha (D:3)
  3 orc wizards
  8 gnolls
  4 adders
  An ufetubus (D:5)
  2 worms
  2 dart slugs
  9 orcs
  7 ball pythons
  5 endoplasms
  2 giant cockroaches (D:4)
  10 goblins
  11 hobgoblins
  6 jackals
  2 kobolds
  2 quokkas
  7 bats
  A frilled lizard (D:2)
  5 rats
97 creatures vanquished.

Vanquished Creatures (collateral kills)
  An orc priest (D:3)
  An orc (D:3)
2 creatures vanquished.

Vanquished Creatures (others)
  A jelly (D:2)
  A goblin (D:2)
  6 demonic plants (D:1)
  4 withered plants (D:1)
12 creatures vanquished.

Grand Total: 111 creatures vanquished

Table legend:
 A = Non-vault XP
 B = Vault XP
 C = Vault XP percentage of total XP
 D = Non-vault monster count
 E = Vault monster count
 F = Vault count percentage of total count
                 A         B        C        D         E       F
            +---------+---------+-------+---------+---------+-------
      Total |    1057 |     249 |  19.1 |      87 |      14 |  13.9
            +---------+---------+-------+---------+---------+-------
        D:1 |      35 |       2 |   5.4 |      20 |       1 |   4.8
        D:2 |      98 |       0 |   0.0 |      20 |       0 |   0.0
        D:3 |     114 |      72 |  38.7 |      21 |      12 |  36.4
        D:4 |     380 |       0 |   0.0 |      20 |       0 |   0.0
        D:5 |     430 |     175 |  28.9 |       6 |       1 |  14.3
            +---------+---------+-------+---------+---------+-------

Illustrated notes

Table legend:
 A = Kills in this place as a percentage of kills in entire the game.
 B = Kills by you in this place as a percentage of kills by you in the entire game.
 C = Kills by friends in this place as a percentage of kills by friends in the entire game.
 D = Other kills in this place as a percentage of other kills in the entire game.
 E = Experience gained in this place as a percentage of experience gained in the entire game.
 F = Experience gained in this place divided by the number of levels of this place that you have seen.
                   A       B       C       D       E      F
               +-------+-------+-------+-------+-------+----------------------
         Total | 100.0 | 100.0 | 100.0 | 100.0 | 100.0 | 217.7
       Dungeon | 100.0 | 100.0 | 100.0 | 100.0 | 100.0 | 261.2
               +-------+-------+-------+-------+-------+----------------------

Table legend: (Time is in decaauts)
 A = Elapsed time spent in this place.
 B = Non-inter-level travel time spent in this place.
 C = Inter-level travel time spent in this place.
 D = Time resting spent in this place.
 E = Time spent auto-exploring this place.
 F = Levels seen in this place.
 G = Mean time per level.
                   A        B        C        D        E       F      G
               +--------+--------+--------+--------+--------+-----+--------+
         Total |   6292 |   5963 |    329 |    913 |   4208 |   6 | 1048.7 |
       Dungeon |   6214 |   5894 |    320 |    913 |   4162 |   5 | 1242.8 |
        Temple |     77 |     68 |      9 |      0 |     46 |   1 |   77.0 |
               +--------+--------+--------+--------+--------+-----+--------+

Top non-repeatable levels by time:
     D:1: 1399 daAuts
     D:2: 1351 daAuts
     D:3: 1341 daAuts
     D:4: 1252 daAuts
     D:5: 871 daAuts
  Temple: 77 daAuts
